SR
GREENPORT HARBOR WHALES @ ATHLETIC CLUB KC U-21
07/30/2033
 
TOP OF THE 1ST
Greenport Harbor Whales batting - Pitching for Athletic Club KC U-21 : RHP Jorge Moreno
Pitching: RHP Jorge Moreno
Batting: RHB Jesús Bautista 0-0: Called Strike
0-1: Ball
1-1: Foul Ball, location: 2F
1-2: Strikes out swinging
Batting: RHB Jon Hill 0-0: Ball
1-0: Called Strike
1-1: DOUBLE (Line Drive, 78D)
Batting: RHB Jon Rabbetts 0-0: Ball
1-0: SINGLE (Groundball, 2R) (infield hit)
Jon Hill to third
Batting: RHB Ernesto Rivera 0-0: SINGLE (Line Drive, 9LS)
Jon Hill scores
Jon Rabbetts to second
Batting: SHB Júlio Soto 0-0: Foul Ball, location: 2F
0-1: Called Strike
0-2: Fly out, F8 (Flyball, 8RD)
Batting: RHB Fabrice Gaudin 0-0: Foul Ball, location: 2F
0-1: Foul Ball, location: 2F
0-2: Strikes out swinging
Top of the 1st over - 1 run, 3 hits, 0 errors, 2 left on base; Greenport 1 - Athletic Club KC 0
BOTTOM OF THE 1ST
Athletic Club KC U-21 batting - Pitching for Greenport Harbor Whales : LHP Pao-tzu Shi
Pitching: LHP Pao-tzu Shi
Batting: RHB Woody Thomas 0-0: Ball
1-0: Ball
2-0: Ball
3-0: Called Strike
3-1: Called Strike
3-2: Foul Ball, location: 2F
3-2: Ground out 4-3 (Groundball, 4)
Batting: RHB Rodrigo Sousa 0-0: Called Strike
0-1: Ball
1-1: SINGLE (Groundball, 56D)
Batting: RHB John Ricks 0-0: Ball
1-0: SINGLE (Flyball, 7LM)
Rodrigo Sousa to second
Batting: RHB Gabriel Camparán 0-0: Fly out, F8 (Flyball, 8LD)
Runner from 2nd tags up, SAFE at 3rd with throw
Batting: RHB Domingo Zamora 0-0: Ball
1-0: Ball
2-0: Ground out 4-3 (Groundball, 4)
Bottom of the 1st over - 0 runs, 2 hits, 0 errors, 2 left on base; Greenport 1 - Athletic Club KC 0
TOP OF THE 2ND
Greenport Harbor Whales batting - Pitching for Athletic Club KC U-21 : RHP Jorge Moreno
Batting: LHB Francisco Torres 0-0: Swinging Strike
0-1: Ball
1-1: Ball
2-1: Swinging Strike
2-2: Foul Ball, location: 2F
2-2: Strikes out swinging
Batting: RHB Michael Rideout 0-0: Fly out, F9 (Line Drive, 9)
Batting: RHB Hae-young Kwak 0-0: Fly out, F7 (Flyball, 78M)
Top of the 2nd over - 0 runs, 0 hits, 0 errors, 0 left on base; Greenport 1 - Athletic Club KC 0
BOTTOM OF THE 2ND
Athletic Club KC U-21 batting - Pitching for Greenport Harbor Whales : LHP Pao-tzu Shi
Batting: RHB Elias Klomp 0-0: Ball
1-0: Called Strike
1-1: SINGLE (Groundball, 56D)
Batting: LHB Todd Baker 0-0: Called Strike
0-1: Ball
1-1: SINGLE (Flyball, 89S)
Elias Klomp to second
Batting: RHB Jorge Ávila 0-0: Called Strike
0-1: DOUBLE (Line Drive, 9LM)
Elias Klomp scores
Todd Baker to third
Batting: SHB Josh Moxon 0-0: Ball
1-0: Swinging Strike
1-1: Swinging Strike
1-2: Ball
2-2: Strikes out looking
Batting: RHB Woody Thomas 0-0: Called Strike
0-1: Ball
1-1: Ground out 4-3 (Groundball, 4M)
Todd Baker scores
Jorge Ávila to third
Batting: RHB Rodrigo Sousa 0-0: Ball
1-0: Called Strike
1-1: Foul Ball, location: 2F
1-2: Ball
2-2: Strikes out swinging
Bottom of the 2nd over - 2 runs, 3 hits, 0 errors, 1 left on base; Greenport 1 - Athletic Club KC 2
TOP OF THE 3RD
Greenport Harbor Whales batting - Pitching for Athletic Club KC U-21 : RHP Jorge Moreno
Batting: RHB Jesús Bautista 0-0: Foul Ball, location: 2F
0-1: Swinging Strike
0-2: Foul Ball, location: 2F
0-2: Ball
1-2: Ball
2-2: Ball
3-2: Strikes out looking
Batting: RHB Jon Hill 0-0: Foul Ball, location: 2F
0-1: Called Strike
0-2: Ball
1-2: Reached on error, E5 (Groundball, 56)
Batting: RHB Jon Rabbetts 0-0: Swinging Strike
0-1: Foul Ball, location: 2F
0-2: Ball
1-2: Ball
2-2: Foul Ball, location: 2F
2-2: Ground out 2-3 (Groundball, 15S)
Jon Hill to third
Batting: RHB Ernesto Rivera 0-0: Ball
1-0: Called Strike
1-1: Foul Ball, location: 2F
1-2: Foul Ball, location: 2F
1-2: Ball
2-2: Strikes out looking
Top of the 3rd over - 0 runs, 0 hits, 1 error, 1 left on base; Greenport 1 - Athletic Club KC 2
BOTTOM OF THE 3RD
Athletic Club KC U-21 batting - Pitching for Greenport Harbor Whales : LHP Pao-tzu Shi
Batting: RHB John Ricks 0-0: Ball
1-0: Called Strike
1-1: Foul Ball, location: 2F
1-2: Ball
2-2: Foul Ball, location: 2F
2-2: Reached via error on a dropped throw, E1
Batting: RHB Gabriel Camparán 0-0: Ball
1-0: SINGLE (Line Drive, 34D)
John Ricks to second
Batting: RHB Domingo Zamora 0-0: Fielders Choice at 2nd, 3-6 (Groundball, 34)
John Ricks to third
Batting: RHB Elias Klomp 0-0: Ball
1-0: Foul Ball, location: 2F
1-1: Ball
2-1: Swinging Strike
2-2: Foul Ball, location: 2F
2-2: Ball
3-2: Fly out, F9 (Flyball, 89S)
Runner from 3rd tags up, SCORES, no throw
Batting: LHB Todd Baker 0-0: Called Strike
0-1: Ball
1-1: Ball
2-1: Ball
3-1: Called Strike
3-2: Fly out, F9 (Line Drive, 9)
Bottom of the 3rd over - 1 run, 1 hit, 1 error, 1 left on base; Greenport 1 - Athletic Club KC 3
TOP OF THE 4TH
Greenport Harbor Whales batting - Pitching for Athletic Club KC U-21 : RHP Jorge Moreno
Batting: SHB Júlio Soto 0-0: Swinging Strike
0-1: Ball
1-1: Swinging Strike
1-2: Ball
2-2: Strikes out swinging
Batting: RHB Fabrice Gaudin 0-0: Foul Ball, location: 2F
0-1: Ground out 5-3 (Groundball, 56S)
Batting: LHB Francisco Torres 0-0: Ball
1-0: Swinging Strike
1-1: Foul Ball, location: 2F
1-2: Ground out 3-1 (Groundball, 34S)
Top of the 4th over - 0 runs, 0 hits, 0 errors, 0 left on base; Greenport 1 - Athletic Club KC 3
BOTTOM OF THE 4TH
Athletic Club KC U-21 batting - Pitching for Greenport Harbor Whales : LHP Pao-tzu Shi
Batting: RHB Jorge Ávila 0-0: Ball
1-0: Ball
2-0: SINGLE (Groundball, 4MD)
Pitching: RHP Chia-kang Xiao
Batting: SHB Josh Moxon 0-0: Fly out, F9 (Flyball, 9LS)
Batting: RHB Woody Thomas 0-0: SINGLE (Groundball, 25) (infield hit)
Jorge Ávila to second
Batting: RHB Rodrigo Sousa 0-0: Foul Ball, location: 2F
0-1: Called Strike
0-2: Strikes out swinging
Batting: RHB John Ricks 0-0: Ball
1-0: Called Strike
1-1: Foul Ball, location: 2F
1-2: Strikes out swinging
Bottom of the 4th over - 0 runs, 2 hits, 0 errors, 2 left on base; Greenport 1 - Athletic Club KC 3
TOP OF THE 5TH
Greenport Harbor Whales batting - Pitching for Athletic Club KC U-21 : RHP Jorge Moreno
Batting: RHB Michael Rideout 0-0: Called Strike
0-1: Ball
1-1: Fly out, F8 (Flyball, 8RS)
Batting: RHB Hae-young Kwak 0-0: Ball
1-0: Foul Ball, location: 2F
1-1: SINGLE (Line Drive, 7LS)
Batting: RHB Jesús Bautista 0-0: Ball
1-0: Called Strike
1-1: Ball
2-1: Fly out, F7 (Flyball, 7LS)
Batting: RHB Jon Hill 0-0: Foul Ball, location: 2F
0-1: Called Strike
0-2: Ball
1-2: Strikes out swinging
Top of the 5th over - 0 runs, 1 hit, 0 errors, 1 left on base; Greenport 1 - Athletic Club KC 3
BOTTOM OF THE 5TH
Athletic Club KC U-21 batting - Pitching for Greenport Harbor Whales : RHP Chia-kang Xiao
Batting: RHB Gabriel Camparán 0-0: Foul Ball, location: 2F
0-1: Ball
1-1: Foul Ball, location: 2F
1-2: Ball
2-2: Foul Ball, location: 2F
2-2: Fly out, F3 (Popup, 34)
Batting: RHB Domingo Zamora 0-0: Hit by Pitch
Batting: RHB Elias Klomp 0-0: Ball
1-0: Ball
2-0: Called Strike
2-1: Ball
3-1: Called Strike
3-2: Base on Balls
Domingo Zamora to second
Batting: LHB Todd Baker 0-0: Called Strike
0-1: Foul Ball, location: 2F
0-2: Strikes out swinging
Batting: RHB Jorge Ávila 0-0: Ball
1-0: SINGLE (Groundball, 4MD)
Domingo Zamora to third
Elias Klomp to second
Runner from 3rd tries for Home, SAFE, throw made home
Batting: SHB Josh Moxon 0-0: Ball
1-0: Fly out, F9 (Flyball, 9)
Bottom of the 5th over - 1 run, 1 hit, 0 errors, 2 left on base; Greenport 1 - Athletic Club KC 4
TOP OF THE 6TH
Greenport Harbor Whales batting - Pitching for Athletic Club KC U-21 : RHP Jorge Moreno
Batting: RHB Jon Rabbetts 0-0: DOUBLE (Flyball, 78D)
Batting: RHB Ernesto Rivera 0-0: Foul Ball, location: 2F
0-1: Ground out 3-1 (Groundball, 23)
Jon Rabbetts to third
Batting: SHB Júlio Soto 0-0: Ball
1-0: Ball
2-0: Foul Ball, location: 2F
2-1: Ball
3-1: Ground out 4-3 (Groundball, 4)
Jon Rabbetts scores
Batting: RHB Fabrice Gaudin 0-0: Called Strike
0-1: Foul Ball, location: 2F
0-2: Foul Ball, location: 2F
0-2: Strikes out swinging
Top of the 6th over - 1 run, 1 hit, 0 errors, 0 left on base; Greenport 2 - Athletic Club KC 4
BOTTOM OF THE 6TH
Athletic Club KC U-21 batting - Pitching for Greenport Harbor Whales : RHP Chia-kang Xiao
Batting: RHB Woody Thomas 0-0: Ball
1-0: Ball
2-0: Fly out, F8 (Flyball, 8RD)
Batting: RHB Rodrigo Sousa 0-0: Ball
1-0: Fly out, F8 (Flyball, 8LS)
Batting: RHB John Ricks 0-0: SINGLE (Groundball, 34D)
Batting: RHB Gabriel Camparán 0-0: Ball
1-0: Ball
2-0: Ball
3-0: Called Strike
3-1: DOUBLE (Line Drive, 8LD)
John Ricks to third
Runner from 3rd tries for Home, SAFE, no throw
Pitching: RHP Luis Pérez
Batting: RHB Domingo Zamora 0-0: Foul Ball, location: 2F
0-1: Swinging Strike
0-2: Strikes out looking
Bottom of the 6th over - 1 run, 2 hits, 0 errors, 1 left on base; Greenport 2 - Athletic Club KC 5
TOP OF THE 7TH
Greenport Harbor Whales batting - Pitching for Athletic Club KC U-21 : RHP Jorge Moreno
Batting: LHB Francisco Torres 0-0: Fly out, F8 (Flyball, 78D)
Batting: RHB Michael Rideout 0-0: Called Strike
0-1: Ball
1-1: Swinging Strike
1-2: Ball
2-2: Fly out, F9 (Line Drive, 9LM)
Batting: RHB Hae-young Kwak 0-0: Called Strike
0-1: Foul Ball, location: 2F
0-2: Strikes out swinging
Top of the 7th over - 0 runs, 0 hits, 0 errors, 0 left on base; Greenport 2 - Athletic Club KC 5
BOTTOM OF THE 7TH
Athletic Club KC U-21 batting - Pitching for Greenport Harbor Whales : RHP Luis Pérez
Batting: RHB Elias Klomp 0-0: Called Strike
0-1: Ground out 6-3 (Groundball, 6M)
Batting: LHB Todd Baker 0-0: Called Strike
0-1: Ball
1-1: Called Strike
1-2: Ball
2-2: Foul Ball, location: 2F
2-2: Strikes out swinging
Batting: RHB Jorge Ávila 0-0: Called Strike
0-1: Ball
1-1: Ground out 6-3 (Groundball, 6)
Bottom of the 7th over - 0 runs, 0 hits, 0 errors, 0 left on base; Greenport 2 - Athletic Club KC 5
TOP OF THE 8TH
Greenport Harbor Whales batting - Pitching for Athletic Club KC U-21 : RHP Jorge Moreno
Pitching: LHP Francisco González
Batting: RHB Jesús Bautista 0-0: SINGLE (Flyball, 7S)
Batting: RHB Jon Hill 0-0: Ball
1-0: Called Strike
1-1: Ball
2-1: Foul Ball, location: 2F
2-2: Ball
3-2: Foul Ball, location: 2F
3-2: Strikes out looking
Batting: RHB Jon Rabbetts 0-0: Swinging Strike
0-1: Swinging Strike
0-2: Strikes out swinging
Batting: RHB Ernesto Rivera 0-0: Called Strike
0-1: Fly out, F9 (Flyball, 9LDF)
Top of the 8th over - 0 runs, 1 hit, 0 errors, 1 left on base; Greenport 2 - Athletic Club KC 5
BOTTOM OF THE 8TH
Athletic Club KC U-21 batting - Pitching for Greenport Harbor Whales : RHP Luis Pérez
Batting: SHB Josh Moxon 0-0: Ball
1-0: Ball
2-0: Foul Ball, location: 2F
2-1: Swinging Strike
2-2: Foul Ball, location: 2F
2-2: Strikes out looking
Batting: RHB Woody Thomas 0-0: Ball
1-0: Ground out 4-3 (Groundball, 34)
Batting: RHB Rodrigo Sousa 0-0: Foul Ball, location: 2F
0-1: Swinging Strike
0-2: Foul Ball, location: 2F
0-2: Foul Ball, location: 2F
0-2: Ball
1-2: Strikes out looking
Bottom of the 8th over - 0 runs, 0 hits, 0 errors, 0 left on base; Greenport 2 - Athletic Club KC 5
TOP OF THE 9TH
Greenport Harbor Whales batting - Pitching for Athletic Club KC U-21 : LHP Francisco González
Pitching: RHP Rafael Narváez
Batting: SHB Júlio Soto 0-0: Fly out, F7 (Flyball, 7S)
Batting: RHB Fabrice Gaudin 0-0: Called Strike
0-1: Ball
1-1: Foul Ball, location: 2F
1-2: Ball
2-2: Strikes out looking
Batting: LHB Francisco Torres 0-0: Fly out, F9 (Flyball, 9LS)
Top of the 9th over - 0 runs, 0 hits, 0 errors, 0 left on base; Greenport 2 - Athletic Club KC 5
Saturday, December 22nd, 2018 - OOTP Baseball 18.8 Build 76